 Dungeon Crawl Stone Soup version 0.30-a0-937-ga0a21ad780 (webtiles) character file.

Game seed: 1104813770277828237

781 Sanktem7 the Chopper (level 7, 0/62 HPs)
             Began as a Minotaur Fighter on Mar 25, 2023.
             Slain by Eustachio
             ... wielding a +0 rapier
              (6 damage)
             ... on level 5 of the Dungeon.
             The game lasted 00:05:24 (3309 turns).

Sanktem7 the Chopper (Minotaur Fighter)             Turns: 3309, Time: 00:05:25

Health: 0/62       AC:  7    Str: 23      XL:     7   Next: 55%
Magic:  6/6        EV:  6    Int:  5      God:
Gold:   222        SH: 11    Dex:  6 (9)  Spells: 6/6 levels left

rFire   . . .      SeeInvis .    q - +0 broad axe (pain) {axe}
rCold   . . .      Faith    .    t - +0 tower shield
rNeg    . . .      Spirit   .    b - +0 scale mail
rPois   .          Reflect  .    (helmet restricted)
rElec   .          Rampage  .    (no cloak)
rCorr   .                        (no gloves)
Will    .....                    (no boots) Stlth
                                 (no amulet)
HPRegen 0.30/turn                n - ring of flight
MPRegen 0.10/turn                (no ring)

@: flying
A: horns 2, retaliatory headbutt
a: no special abilities


You were on level 5 of the Dungeon.
You visited 1 branch of the dungeon, and saw 5 of its levels.

You collected 222 gold pieces.


Innate Abilities, Weirdness & Mutations

You have a pair of horns on your head.
You reflexively headbutt those who attack you in melee.


   Skills:
 + Level 5.7 Fighting
 * Level 6.8 Axes
 + Level 0.8 Throwing
 + Level 5.7 Armour
 + Level 5.7 Shields


You had 6 spell levels left.
You didn't know any spells.
Your spell library was empty.

Inventory:

Hand Weapons
 q - a +0 broad axe of pain (weapon) {axe}
   (You found it on level 4 of the Dungeon)
Missiles
 c - 3 boomerangs {throwing}
 g - 6 boomerangs of dispersal {=f!fthrowing}
 j - 6 javelins {throwing}
 l - 52 stones (quivered) {throwing}
Armour
 b - a +0 scale mail (worn)
 t - a +0 tower shield (worn)
   (You found it on level 4 of the Dungeon)
Jewellery
 n - a ring of flight (left hand)
   (You found it on level 1 of the Dungeon)
Scrolls
 a - 2 scrolls of identify {@r1}
 f - a scroll of immolation {unknown}
 h - a scroll of silence {!r}
 p - a scroll of enchant weapon {unknown}
 r - a scroll of fear {unknown}
Potions
 d - a potion of might
 e - a potion of invisibility {unknown}
 i - a potion of brilliance
 k - a potion of attraction {!q}
 m - 4 potions of flight
 o - 3 potions of haste {@q3}
 s - 2 potions of curing {unknown}
 u - 2 potions of lignification {unknown}

Dungeon Overview and Level Annotations

Branches:
Dungeon (5/15) Zot: 26588
 Temple: D:4-7

Altars:
Ashenzari
Cheibriados
Makhleb

Annotations:
D:5 Eustachio

.# ##.# .?.#
#######..###
#..........#
#..........#
#.......r..## #######
#...5b@.....# #######
#...5@rr....## ##°°°..
#............# ##.####
#...§§..†..#.# ##.....
#..........#.#########
#..........#..##.....)
#..........##.......).
#..........+.>......))
............####.......
#............####.......


You could see Eustachio, a quasit (summoned), a crimson imp (summoned), a river
rat (summoned), a quokka (summoned), a bat (summoned) and a rat (summoned).


Message History

You hit Eustachio but do no damage. Your headbutt misses Eustachio.
You slash the river rat! You completely miss the quokka.
The quokka bites you but does no damage.
Eustachio hits you but does no damage. You block the river rat's attack.
The quokka bites you but does no damage.
Eustachio hits you but does no damage.
You barely miss Eustachio. You barely miss the quokka. You hit the river rat.
You kill the river rat!
The river rat's corpse disappears in a puff of smoke!
The quokka bites you.
* * * LOW HITPOINT WARNING * * *
Eustachio mumbles some strange words.
The quokka bites you.
* * * LOW HITPOINT WARNING * * *
😨 HP[-7]
You take 7 damage, and now have 25/62 hp.
You closely miss Eustachio. You slash the shadow imp!
You kill the shadow imp!
The shadow imp disappears in a puff of smoke!
You hit the quokka but do no damage. Eustachio hits you with a +0 rapier.
* * * LOW HITPOINT WARNING * * *
The quokka bites you but does no damage.
Eustachio hits you but does no damage. You block the quasit's attack.
The quasit barely misses you. You block the quasit's attack.
You block the quokka's attack. 😨 HP[-6]
You take 6 damage, and now have 19/62 hp.
You barely miss Eustachio.
You headbutt Eustachio, but do no damage.
You closely miss the quokka. You barely miss the quasit.
You hit the crimson imp.
The quasit bites you but does no damage.
The quasit claws you but does no damage. x2
You block the crimson imp's attack. Eustachio barely misses you.
The quokka bites you but does no damage.
The quasit bites you.
* * * LOW HITPOINT WARNING * * *
You feel clumsy. You block the quasit's attack. The quasit claws you.
* * * LOW HITPOINT WARNING * * *
You feel clumsy.
The crimson imp hits you but does no damage.
Eustachio casts a spell.
Eustachio blinks!
The quokka bites you.
* * * LOW HITPOINT WARNING * * *
😨 HP[-3]
You take 3 damage, and now have 16/62 hp.
You block the quasit's attack.
The quasit claws you but does no damage.
The quasit barely misses you.
The crimson imp hits you but does no damage.
You block the quokka's attack. The quokka attacks as you move away!
The quokka bites you.
* * * LOW HITPOINT WARNING * * *
You block the crimson imp's attack. You block the quasit's attack. x2
The quasit barely misses you. 😱 HP[-3]
You take 3 damage, and now have 13/62 hp.
You block the quasit's attack. The quasit barely misses you.
The quasit claws you but does no damage.
Eustachio casts a spell. 😱 HP[+1]
You block the bat's attack. The bat closely misses you.
You furiously retaliate!
You headbutt the bat!
You kill the bat!
The bat's corpse disappears in a puff of smoke!
You block the quokka's attack. The bat hits you.
* * * LOW HITPOINT WARNING * * *
😱 HP[-1]
You take 1 damage, and now have 13/62 hp.
You closely miss the bat. Your headbutt misses the bat.
You barely miss the quasit. You slash the quokka!
You kill the quokka!
The quokka's corpse disappears in a puff of smoke!
You miss Eustachio. You closely miss the crimson imp.
The bat hits you but does no damage. You block the bat's attack.
The quasit bites you.
* * * LOW HITPOINT WARNING * * *
You feel clumsy. The quasit barely misses you. You block the quasit's attack.
The crimson imp hits you but does no damage.
The quasit bites you but does no damage.
You block the quasit's attack. The quasit claws you.
* * * LOW HITPOINT WARNING * * *
Eustachio hits you but does no damage. The crimson imp hits you.
* * * LOW HITPOINT WARNING * * *
😱 HP[-8]
You take 8 damage, and now have 5/62 hp.
You hit the quokka. Your headbutt misses the quokka. You miss Eustachio.
You barely miss the crimson imp. You miss the quasit.
You block the bat's attack. You block the quasit's attack.
The quasit claws you but does no damage.
You block the quasit's attack. The bat closely misses you.
Eustachio casts a spell.
The quokka closely misses you. You furiously retaliate!
You headbutt the quokka, but do no damage.
You block the quasit's attack. x3
The crimson imp hits you but does no damage.
Eustachio hits you with a +0 rapier.
You die...

Skill      XL: |  1  2  3  4  5  6 |
---------------+-------------------+-----
Axes           | 3 4 5 6 |  6.8
Shields        | 4 5 |  5.7
Fighting       | 4 5 |  5.7
Armour         | 4 5 |  5.7
Throwing       | |  0.8

Action                     |  1- 3 |  4- 6 |  7- 9 || total
---------------------------+-------+-------+-------++-------
  Melee: War axe           |    68 |   111 |       ||   179
         Headbutt          |     9 |    20 |     4 ||    33
         Broad axe         |       |    25 |    44 ||    69
    Use: Scroll            |       |    10 |       ||    10
 Armour: Scale mail        |    33 |    71 |    46 ||   150
  Dodge: Dodged            |    43 |    78 |    24 ||   145
  Block: Buckler           |    17 |    37 |       ||    54
         Tower shield      |       |     6 |    81 ||    87

Levels and vault maps discovered:
D:1:      dpeg_arrival_refuge, layout_basic
D:2:      minmay_roachtagon, layout_loops_ring, basic_altar, minmay_lizard_king
D:3:      layout_loops_ring, basic_ecumenical_altar
D:4:      layout_cave_pools, mainiacjoe_overflow_alcove_2,
          lightli_temple_of_fire, minmay_surrounded, uniq_grinder
D:5:      lemuel_ice_spiral_2, layout_basic, lemuel_zombie_altar_yredelemnul,
          uniq_eustachio

Notes
Turn   | Place    | Note
-------+----------+-------------------------------------------
     0 | D:1      | Sanktem7 the Minotaur Fighter began the quest for the Orb.
     0 | D:1      | Reached XP level 1. HP: 19/19 MP: 0/0
     0 | D:1      | magus.rc [v1.9.6]
    65 | D:1      | Reached XP level 2. HP: 27/27 MP: 1/1
   132 | D:1      | Reached skill level 3 in Axes
   639 | D:2      | Reached skill level 4 in Shields
   639 | D:2      | Reached XP level 3. HP: 33/33 MP: 2/2
   645 | D:2      | Reached skill level 4 in Fighting
   645 | D:2      | Reached skill level 4 in Armour
   830 | D:2      | Reached XP level 4. HP: 36/40 MP: 3/3
   839 | D:2      | Reached skill level 4 in Axes
   894 | D:2      | Found a broken altar of Ashenzari.
  1677 | D:3      | Found a faded altar of an unknown god.
  1797 | D:3      | Reached XP level 5. HP: 47/47 MP: 4/4
  2146 | D:4      | Noticed an ogre
  2166 | D:4      | Killed an ogre
  2167 | D:4      | Reached skill level 5 in Axes
  2167 | D:4      | Reached XP level 6. HP: 47/55 MP: 5/5
  2248 | D:4      | Found a snail-covered altar of Cheibriados.
  2324 | D:4      | Reached skill level 5 in Fighting
  2324 | D:4      | Reached skill level 5 in Shields
  2423 | D:4      | Reached skill level 5 in Armour
  2653 | D:4      | Found a burning altar of Makhleb.
  2668 | D:4      | Noticed Grinder
  2684 | D:4      | Paralysed by Grinder for 2 turns
  2688 | D:4      | HP: 10/56 [Grinder/nerve-wracking pain (10)]
  2689 | D:4      | Killed Grinder
  2690 | D:4      | Reached skill level 6 in Axes
  2690 | D:4      | Reached XP level 7. HP: 12/61 MP: 6/6
  2895 | D:4      | HP: 15/61 [iguana (10)]
  2896 | D:4      | HP: 6/61 [iguana (10)]
  3140 | D:5      | Entered Level 5 of the Dungeon
  3275 | D:5      | Noticed Eustachio
  3305 | D:5      | HP: 13/62 [quokka[Eustachio] (3)]
  3308 | D:5      | HP: 5/62 [crimson imp[Eustachio] (3)]
  3309 | D:5      | Slain by Eustachio

Vanquished Creatures
  Grinder (D:4)
  2 ogres (D:4)
  A scorpion (D:5)
  3 hounds
  3 iguanas (D:4)
  10 adders
  2 worms
  2 dart slugs
  8 orcs
  7 endoplasms
  11 giant cockroaches (D:2)
  5 goblins
  5 hobgoblins
  2 jackals (D:4)
  6 kobolds
  2 quokkas
  11 ball pythons
  12 bats
  13 frilled lizards
  8 rats
114 creatures vanquished.

Vanquished Creatures (others)
  A plant (D:2)
1 creature vanquished.

Grand Total: 115 creatures vanquished

Table legend:
 A = Non-vault XP
 B = Vault XP
 C = Vault XP percentage of total XP
 D = Non-vault monster count
 E = Vault monster count
 F = Vault count percentage of total count
                 A         B        C        D         E       F
            +---------+---------+-------+---------+---------+-------
      Total |     677 |     440 |  39.4 |      91 |      23 |  20.2
            +---------+---------+-------+---------+---------+-------
        D:1 |      35 |       0 |   0.0 |      22 |       0 |   0.0
        D:2 |      81 |      31 |  27.7 |      19 |      20 |  51.3
        D:3 |      59 |       0 |   0.0 |      21 |       0 |   0.0
        D:4 |     341 |     409 |  54.5 |      20 |       3 |  13.0
        D:5 |     161 |       0 |   0.0 |       9 |       0 |   0.0
            +---------+---------+-------+---------+---------+-------

Illustrated notes

Table legend:
 A = Kills in this place as a percentage of kills in the entire game.
 B = Kills by you in this place as a percentage of kills by you in the entire game.
 C = Kills by friends in this place as a percentage of kills by friends in the entire game.
 D = Other kills in this place as a percentage of other kills in the entire game.
 E = Experience gained in this place as a percentage of experience gained in the entire game.
 F = Experience gained in this place divided by the number of levels of this place that you have seen.
                   A       B       C       D       E      F
               +-------+-------+-------+-------+-------+----------------------
         Total | 100.0 | 100.0 |   N/A |   N/A | 100.0 | 223.4
       Dungeon | 100.0 | 100.0 |   N/A |   N/A | 100.0 | 223.4
               +-------+-------+-------+-------+-------+----------------------

Table legend: (Time is in decaauts)
 A = Elapsed time spent in this place.
 B = Non-inter-level travel time spent in this place.
 C = Inter-level travel time spent in this place.
 D = Time resting spent in this place.
 E = Time spent auto-exploring this place.
 F = Levels seen in this place.
 G = Mean time per level.
                   A        B        C        D        E       F      G
               +--------+--------+--------+--------+--------+-----+--------+
         Total |   3409 |   3298 |    111 |    195 |   2421 |   5 |  681.8 |
       Dungeon |   3409 |   3298 |    111 |    195 |   2421 |   5 |  681.8 |
               +--------+--------+--------+--------+--------+-----+--------+

Top non-repeatable levels by time:
     D:4: 1109 daAuts
     D:3: 800 daAuts
     D:2: 662 daAuts
     D:1: 646 daAuts
     D:5: 190 daAuts
